 Dungeon Crawl Stone Soup version 0.31-a0-672-g7da72447bb (webtiles) character file.

Game seed: 17438718766237532001

352 senseless the Ducker (level 6, -3/48 HPs)
             Began as a Demonspawn Gladiator on Sept 4, 2023.
             Killed from afar by an electric eel (10 damage)
             ... with a bolt of electricity
             ... on level 3 of the Dungeon.
             The game lasted 00:06:27 (2678 turns).

senseless the Ducker (Demonspawn Gladiator)         Turns: 2678, Time: 00:06:29

Health: -3/48      AC:  6    Str: 15    XL:     6   Next: 35%
Magic:  0/6        EV: 14    Int:  9    God:
Gold:   84         SH:  0    Dex: 20    Spells: 5/5 levels left

rFire   . . .        p - +4 quarterstaff (chaos)
rCold   + . .        (shield currently unavailable)
rNeg    . . .        b - +0 leather armour
rPois   .            c - +0 helmet
rElec   .            (no cloak)
rCorr   .            (no gloves)
SInv    .            q - +1 pair of boots
Will    .....        l - amulet of guardian spirit
Stlth   ++++         h - ring of protection from cold
HPRegen 0.28/turn    (no ring)
MPRegen 0.10/turn

%: guardian spirit
@: no status effects
A: thin skeletal structure 2, weakness stinger 1
a: no special abilities


You were on level 3 of the Dungeon.
You visited 1 branch of the dungeon, and saw 3 of its levels.

You collected 84 gold pieces.

Inventory:

Hand Weapons
 a - a +0 long sword
 k - a +3 dagger
 p - a +4 quarterstaff of chaos (weapon)
Missiles
 d - 2 throwing nets (quivered)
 e - a javelin
Armour
 b - a +0 leather armour (worn)
 c - a +0 helmet (worn)
 i - an orb of light
 o - a +0 cloak
 q - a +1 pair of boots (worn)
Jewellery
 h - a ring of protection from cold (left hand)
 l - an amulet of guardian spirit (around neck)
Talismans
 n - a talisman of death
Wands
 m - a wand of charming (8)
 s - a wand of roots (7)
 t - a wand of flame (16)
Scrolls
 g - 7 scrolls of identify {unknown}
 j - a scroll of amnesia {unknown}
Potions
 f - 4 potions of heal wounds
 r - a potion of might {unknown}


   Skills:
 + Level 3.9 Fighting
 - Level 3.6 Long Blades
 * Level 2.2 Staves
 - Level 1.7 Throwing
 + Level 4.1 Dodging
 + Level 1.5 Stealth


You had 5 spell levels left.
You didn't know any spells.
Your spell library was empty.

Dungeon Overview and Level Annotations

Branches:
Dungeon (3/15)

Altars:
Sif Muna

Annotations:
D:3 1 transporter


Innate Abilities, Weirdness & Mutations

You have a moderately thin skeletal structure. (Dex +4, Stealth++)
You have a small tail.


Message History

Partly explored, unvisited transporter.
Partly explored, unvisited transporter.
Search for what [Enter for "."]? .
You enter the shallow water.
Moving in this stuff is going to be slow.
You see here a +0 leather armour.
There is a transporter here.
You enter the transporter and appear at another place.
t - a wand of flame (16)
You open the door.
There's something in the way.
The electric eel shoots out a bolt of lightning at you!
The bolt of electricity hits you! x2; The bolt of electricity hits the plant!
The plant begins to die.
There is an open door here.
You throw a throwing net.
The throwing net misses the electric eel.
You hear a splash.
The electric eel shoots out a bolt of lightning at you!
The bolt of electricity hits you.
The bolt of electricity hits the electric eel.
The electric eel completely resists.
The bolt of electricity hits the electric eel.
The electric eel completely resists.
The bolt of electricity hits you!
You hit the electric eel. You burn the electric eel.
The electric eel is heavily wounded.
The electric eel shoots out a bolt of lightning at you!
The bolt of electricity hits you!
* * * LOW HITPOINT WARNING * * *
The bolt of electricity hits the electric eel.
The electric eel completely resists.
The bolt of electricity hits the electric eel.
The electric eel completely resists.
You sock the electric eel!
The electric eel suddenly seems more resistant.
The electric eel is almost dead.
A nearby plant withers and dies.
The electric eel shoots out a bolt of lightning at you!
The bolt of electricity hits you!
You die...

# #.####.##.##<###.##.#.###
# #............# #.##.#.###
###.####.#####.# #.##.#...#
##...###.# #.# #.##.###.#
#.#.#.##.#####.###.##.# #.#
.##................)..# #[#
..#...###############.# #.#
..#...#8P#~~~~~~S#~8#.###.#
..#...#..#~~~~~.@#..#..##.#
##...©#©(+~~~⌠P..'.©#©..#.#
###...#..#P~P~~..#..#.....#
## #
##..#8P#~~~~~~S#P8#.###.#
#. #..###############.#
#.######.
#..................#
#........
#.#############.####
######... #.# #.# #>P~ #.#
#.# #...


You could see 2 electric eels.

Vanquished Creatures
  Sigmund (D:3)
  Crazy Yiuf (D:2)
  Natasha (thrice) (D:3)
  3 adders (D:2)
  A worm (D:2)
  2 dart slugs
  An orc (D:3)
  11 endoplasms
  A giant cockroach (D:3)
  7 goblins
  4 hobgoblins
  A quokka (D:2)
  5 ball pythons
  4 bats
  5 frilled lizards
  7 kobolds
  7 rats
64 creatures vanquished.

Notes
Turn   | Place    | Note
-------+----------+-------------------------------------------
     0 | D:1      | senseless the Demonspawn Gladiator began the quest for the
                  | Orb.
     0 | D:1      | Reached XP level 1. HP: 16/16 MP: 1/1
   152 | D:1      | Gained mutation: You have a somewhat thin skeletal
                  | structure. (Dex +2, Stealth+) [demonic ancestry]
   152 | D:1      | Reached XP level 2. HP: 15/22 MP: 2/2
   240 | D:1      | Reached skill level 3 in Dodging
   720 | D:2      | Reached XP level 3. HP: 6/28 MP: 0/3
   979 | D:2      | Found a runed translucent door.
   980 | D:2      | Noticed Crazy Yiuf
  1160 | D:2      | Gained mutation: You have a small tail. [demonic ancestry]
  1160 | D:2      | Reached XP level 4. HP: 28/35 MP: 4/4
  1792 | D:2      | Killed Crazy Yiuf
  1882 | D:3      | Found a transporter.
  1882 | D:3      | Found a transporter.
  1884 | D:3      | Noticed Natasha
  1889 | D:3      | Killed Natasha
  1916 | D:3      | Gained mutation: You have a moderately thin skeletal
                  | structure. (Dex +4, Stealth++) [demonic ancestry]
  1916 | D:3      | Reached XP level 5. HP: 41/41 MP: 3/5
  2004 | D:3      | Noticed Natasha
  2012 | D:3      | Killed Natasha
  2048 | D:3      | Noticed Natasha
  2051 | D:3      | Killed Natasha
  2052 | D:3      | Reached skill level 1 in Staves
  2089 | D:3      | Found a shimmering blue altar of Sif Muna.
  2132 | D:3      | Noticed Sigmund
  2148 | D:3      | Killed Sigmund
  2149 | D:3      | Reached skill level 4 in Dodging
  2149 | D:3      | Reached skill level 1 in Stealth
  2149 | D:3      | Reached XP level 6. HP: 48/48 MP: 3/6
  2678 | D:3      | Killed from afar by an electric eel

Illustrated notes

Levels and vault maps discovered:
D:1:      tarquinn_simple_flora_water_b, layout_loops_cross,
          chequers_serial_rivers_room_b, corner_web_ring
D:2:      layout_loops_ring, kennysheep_generic_room_4, uniq_crazy_yiuf_cottage
D:3:      gammafunk_steamed_eel, layout_loops_ring,
          nicolae_sif_muna_little_library, serial_bayou, serial_bayou_shore_b,
          serial_bayou_pond_e, serial_bayou_pond_e, serial_bayou_pond_e,
          serial_bayou_ford_a, serial_bayou_pond_b, corexii_shack, st_stairs_11,
          uniq_sigmund, uniq_natasha

Skill      XL: |  1  2  3  4  5 |
---------------+----------------+-----
Long Blades    | 3 |  3.6
Dodging        | 3 4 |  4.1
Fighting       | 3 |  3.9
Staves         | 2 |  2.2
Stealth        | 1 |  1.5
Throwing       | |  1.7

Action                     |  1- 3 |  4- 6 || total
---------------------------+-------+-------++-------
  Melee: Long sword        |    87 |    14 ||   101
         Quarterstaff      |       |    39 ||    39
         Tailslap          |       |     9 ||     9
  Throw: Throwing net      |       |     2 ||     2
    Use: Potion            |       |     1 ||     1
   Stab: Sleeping          |       |     3 ||     3
 Armour: Leather armour    |    48 |    21 ||    69
  Dodge: Dodged            |    44 |    28 ||    72
         Form:             |       |     1 ||     1
         Death             |       |     1 ||     1

Table legend: (Time is in decaauts)
 A = Elapsed time spent in this place.
 B = Non-inter-level travel time spent in this place.
 C = Inter-level travel time spent in this place.
 D = Time resting spent in this place.
 E = Time spent auto-exploring this place.
 F = Levels seen in this place.
 G = Mean time per level.
                   A        B        C        D        E       F      G
               +--------+--------+--------+--------+--------+-----+--------+
         Total |   2734 |   2645 |     89 |     39 |   2169 |   3 |  911.3 |
       Dungeon |   2734 |   2645 |     89 |     39 |   2169 |   3 |  911.3 |
               +--------+--------+--------+--------+--------+-----+--------+

Top non-repeatable levels by time:
     D:2: 1149 daAuts
     D:3: 865 daAuts
     D:1: 719 daAuts
